AoeStats
← [KMNB] Bandeira

Arabia

508129754Analyzed
3v3 RM · 12d ago on Sep 21, 2026· 35m 28s· 6 players
Game mode
Random Map
Map size
Normal (6 player)
Population
200
Speed
Normal
Resources
Standard
Victory
Conquest
Starting age
Dark Age
Ending age
Imperial Age
RankedLock teamsTeams togetherTeam positionsShared explorationLock speedFull tech treeHidden civsTurbo modeCheats
Victory
Defeat
🇲🇽 Georgians · Mexico
1678
+11
🇲🇽 Ethiopians · Mexico
1635
+13
🇦🇷 Ethiopians · Argentina
1484
+18
🇧🇷 Ethiopians · Brazil
1628
-17
🇧🇷 Magyars · Brazil
1542
-13
🇧🇷 Saracens · Brazil
1500
-12
[KMNB] Bandeira
6:33 Loom
9:12 Feudal Age
9:44 Double-Bit Axe
14:33 Scale Barding Armor
26:40 Castle Age
24:36 Horse Collar
25:06 Gold Mining
25:49 Bloodlines
28:03 Chain Barding Armor
29:21 Husbandry
Fs.Khronos
2:56 Loom
9:18 Feudal Age
10:36 Double-Bit Axe
11:46 Fletching
13:49 Wheelbarrow
23:04 Castle Age
20:59 Horse Collar
21:38 Gold Mining
21:51 Padded Archer Armor
23:40 Bodkin Arrow
23:06 Crossbowman
23:59 Bow Saw
23:54 Heavy Plow
[KMNB] Galodoido
8:33 Feudal Age
6:59 Loom
12:23 Fletching
16:53 Padded Archer Armor
18:17 Double-Bit Axe
24:56 Castle Age
24:08 Gold Mining
24:27 Horse Collar
24:59 Crossbowman
25:11 Crossbowman
25:47 Bodkin Arrow
27:48 Leather Archer Armor
29:28 Bow Saw
30:17 Ballistics
33:17 Thumb Ring
GABO
6:16 Loom
8:54 Feudal Age
12:25 Fletching
14:24 Double-Bit Axe
19:52 Padded Archer Armor
21:01 Town Watch
26:47 Castle Age
26:16 Gold Mining
26:10 Horse Collar
27:28 Bodkin Arrow
26:57 Crossbowman
29:42 Ballistics
33:47 Heavy Plow
35:12 Thumb Ring
35:41 Leather Archer Armor
VL Crosnay
6:07 Loom
8:20 Feudal Age
9:28 Double-Bit Axe
15:33 Scale Barding Armor
16:33 Forging
23:48 Castle Age
22:21 Bloodlines
21:58 Horse Collar
23:47 Wheelbarrow
23:12 Gold Mining
25:05 Chain Barding Armor
25:32 Husbandry
26:45 Bow Saw
31:50 Iron Casting
SARASO
6:48 Loom
8:39 Feudal Age
8:07 Loom
11:28 Fletching
12:02 Padded Archer Armor
15:30 Double-Bit Axe
23:36 Castle Age
21:46 Gold Mining
24:14 Bodkin Arrow
23:39 Crossbowman
24:49 Leather Archer Armor
25:44 Ballistics
32:08 Bow Saw
31:38 Horse Collar
31:44 Horse Collar
32:01 Town Watch
37:36 Imperial Age
Connection lost

Rejoining the realm…

Still unreachable

The connection could not be restored.

Session expired

The server has moved on; the page needs a fresh start.